Map: Tropical Sacrifice

Players

Raza

  • Race: Terran Terran
  • Spawn Location: 7:00

GungFuBanDa - Winner!

  • Race: Protoss Protoss
  • Spawn Location: 1:00

Event: DreamHack SC2 Masters 2022 Atlanta (Offline)

VOD

Have the link to the VOD?

Description

Time

  • Played on: Nov. 18, 2022, 12:16 p.m.
  • Length: 6:20

All games in this series

Show
View Real Time Build Order
Export as new Build Order

Raza Terran 

Build Orders:  

Get SALT Encoding   

  12  0:00  SCV  
  13  0:12  SCV  
  14  0:17  Supply Depot  
  14  0:24  SCV  
  15  0:39  SCV  
  15  0:40  Barracks  
  16  0:44  Refinery  
  16  0:51  SCV  
  16  0:55  Refinery  
  17  1:03  SCV  
  18  1:15  SCV  
  19  1:27  Reaper, Orbital Command  
  19  1:32  Supply Depot  
  20  1:43  Factory  
  20  1:53  SCV  
  21  1:59  Reaper  
  22  2:05  SCV  
  23  2:17  SCV  
  24  2:23  Command Center  
  24  2:29  Hellion  
  26  2:36  SCV  
  27  2:43  Starport  
  27  2:45  Barracks Reactor  
  27  2:49  SCV  
  27  2:50  Supply Depot  
  28  2:56  Widow Mine  
  30  3:01  SCV  
  30  3:13  SCV  
  30  3:19  Factory Tech Lab  
  30  3:25  SCV  
  30  3:26  Marine  
  30  3:27  Marine  
  32  3:29  Viking  
  35  3:36  Orbital Command  
  35  3:38  Cyclone  
  35  3:41  SCV  
  39  3:45  Marine x2  
  41  3:53  Barracks  
  41  4:02  Viking  
  44  4:04  Marine  
  44  4:05  Marine  
  45  4:12  Cyclone  
  45  4:15  SCV  
  49  4:19  SCV  
  49  4:21  Supply Depot  
  49  4:23  Marine  
  51  4:24  Marine  
  51  4:27  SCV  
  53  4:32  Starport Tech Lab  
  53  4:35  Barracks  
  53  4:44  Marine x2  
  53  4:45  Siege Tank  
  58  4:54  Supply Depot, SCV  
  59  5:01  Marine  
  59  5:06  SCV  
  61  5:11  Marine  
  62  5:15  Supply Depot, Marine  
  62  5:29  Viking  
  62  5:35  Marine x2  
  57  5:41  Marine x2  
  55  5:53  Marine  
Show
View Real Time Build Order
Export as new Build Order

GungFuBanDa Protoss - Winner!

Build Orders: 1 Gate Expand, Phoenix Opening 

Get SALT Encoding   

  12  0:00  Probe  
  13  0:12  Probe  
  14  0:17  Pylon  
  14  0:24  Probe (Chrono Boost)  
  16  0:37  Probe (Chrono Boost)  
  16  0:38  Gateway  
  16  0:42  Probe (Chrono Boost)  
  16  0:46  Assimilator  
  17  0:52  Probe  
  18  1:04  Probe  
  19  1:16  Probe  
  20  1:25  Nexus  
  20  1:36  Cybernetics Core  
  20  1:38  Probe  
  21  1:48  Assimilator  
  21  1:53  Pylon  
  21  1:55  Probe  
  22  2:07  Probe  
  23  2:10  Adept (Chrono Boost)  
  25  2:18  Stargate  
  25  2:22  Probe  
  26  2:30  Warp Gate  
  26  2:35  Adept  
  29  2:37  Probe (Chrono Boost)  
  29  2:39  Probe (Chrono Boost)  
  30  2:46  Probe (Chrono Boost)  
  30  2:49  Probe (Chrono Boost)  
  32  2:51  Probe (Chrono Boost)  
  33  2:58  Probe  
  33  3:01  Phoenix  
  33  3:03  Probe  
  35  3:15  Probe  
  35  3:17  Probe  
  36  3:25  Phoenix (Chrono Boost)  
  35  3:32  Probe x2  
  37  3:41  Phoenix (Chrono Boost)  
  37  3:44  Probe x2  
  41  3:56  Gateway, Probe  
  41  3:57  Probe  
  41  4:02  Pylon  
  43  4:07  Phoenix (Chrono Boost)  
  43  4:08  Probe  
  46  4:20  Probe (Chrono Boost)  
  48  4:25  Shield Battery, Probe (Chrono Boost)  
  48  4:28  Phoenix (Chrono Boost)  
  48  4:30  Assimilator  
  48  4:31  Probe (Chrono Boost)  
  51  4:34  Probe (Chrono Boost)  
  52  4:43  Probe  
  52  4:44  Probe, Assimilator  
  54  4:47  Pylon  
  54  4:53  Robotics Facility  
  54  4:58  Pylon  
  54  5:04  Phoenix  
  54  5:05  Probe x2  
  58  5:09  Stalker x2  
  58  5:12  Shield Battery  
  62  5:25  Probe  
  62  5:27  Pylon  
  63  5:34  Stalker  
  63  5:35  Stalker  
  68  5:54  Probe  
  69  5:57  Gateway x2  
  69  5:59  Stalker  
  69  6:00  Stalker  
  73  6:04  Shield Battery  
  66  6:18  Shield Battery  
  66  6:20  Pylon  
Tags
 
Add a new tag
Caveats
  • Supply blocks, unpowered buildings, or Contaminate may cause inaccurate times.
  • Supply counts are checked every 10 seconds.